 Dungeon Crawl Stone Soup version 0.29-a0-40-g8eb35efe60 (webtiles) character file.

Game seed: 14301874985733681740

13 enile the Sneak (level 2, -2/29 HPs)
             Began as a Gnoll Wanderer on Feb 2, 2022.
             Slain by Robin (6 damage)
             ... on level 2 of the Dungeon.
             The game lasted 00:01:10 (352 turns).

enile the Sneak (Gnoll Wanderer)                     Turns: 352, Time: 00:01:10

Health: -2/29      AC:  3    Str: 10    XL:     2   Next: 37%
Magic:  2/2        EV: 11    Int:  9    God:
Gold:   0          SH:  0    Dex: 14    Spells: 1/1 levels left

rFire   . . .      SeeInvis .   a - +3 dagger
rCold   . . .      Faith    .   (no shield)
rNeg    . . .      Spirit   .   e - +0 leather armour
rPois   .          Reflect  .   (no helmet)
rElec   .          Harm     .   (no cloak)
rCorr   .          Rampage  .   (no gloves)
Will    .....                   (no boots)
Stlth   +++.......              (no amulet)
HPRegen 0.09/turn               (no ring)
MPRegen 0.08/turn               (no ring)

@: no status effects
A: fangs 1, strong nose, distributed training
a: no special abilities


You were on level 2 of the Dungeon.
You visited 1 branch of the dungeon, and saw 2 of its levels.

Inventory:

Hand Weapons
 a - a +3 dagger (weapon)
 c - a +0 hand crossbow
Missiles
 d - 26 bolts
Armour
 e - a +0 leather armour (worn)


   Skills:
 + Level 6.5 Fighting
 + Level 0.4 Short Blades
 + Level 0.4 Long Blades
 + Level 0.4 Axes
 + Level 0.4 Maces & Flails
 + Level 0.4 Polearms
 + Level 0.4 Staves
 + Level 0.4 Slings
 + Level 0.4 Bows
 + Level 2.5 Crossbows
 + Level 2.5 Throwing
 + Level 0.4 Armour
 + Level 0.4 Dodging
 + Level 7.7 Stealth
 + Level 0.4 Shields
 + Level 0.4 Unarmed Combat
 + Level 0.4 Spellcasting
 + Level 0.2 Conjurations
 + Level 0.2 Hexes
 + Level 0.2 Summonings
 + Level 0.2 Necromancy
 + Level 0.2 Translocations
 + Level 0.2 Transmutations
 + Level 0.2 Fire Magic
 + Level 0.2 Ice Magic
 + Level 0.2 Air Magic
 + Level 0.2 Earth Magic
 + Level 0.2 Poison Magic
 + Level 0.5 Invocations
 + Level 2.5 Evocations


You had one spell level left.
You didn't know any spells.
Your spell library was empty.

Dungeon Overview and Level Annotations

Branches:
Dungeon (1/15)

Altars:

Annotations:
D:2 Robin


Innate Abilities, Weirdness & Mutations

You have very sharp teeth.
Your uncanny sense of smell can sniff out nearby items.
Your experience applies equally to all skills.


Message History

You kill the kobold!
You start resting.
A rat is nearby!
You closely miss the rat. Your bite misses the rat. The rat barely misses you.
You hit the rat.
You kill the rat!
You start resting.
Robin is nearby!
Robin is nearby!
Robin roars a battlecry!
You hear a shout!
Items here: ))) ÷÷ ††.
Robin hits you with a +0 falchion.
You hit Robin but do no damage. Your bite misses Robin.
Robin hits you with a +0 falchion.
You hit Robin. You bite Robin, but do no damage.
Robin is moderately wounded.
Robin hits you with a +0 falchion.
You hit Robin.
Robin is heavily wounded.
Robin barely misses you.
You hit Robin.
Robin is severely wounded.
Robin hits you with a +0 falchion.
You hit Robin but do no damage. You bite Robin, but do no damage.
Robin is severely wounded.
Robin hits you with a +0 falchion.
* * * LOW HITPOINT WARNING * * *
You closely miss Robin.
Robin is severely wounded.
The hobgoblin barely misses you. Robin hits you with a +0 falchion.
* * * LOW HITPOINT WARNING * * *
You barely miss Robin.
Robin is severely wounded.
The hobgoblin closely misses you. The goblin barely misses you.
Robin barely misses you. The hobgoblin hits you.
* * * LOW HITPOINT WARNING * * *
Robin hits you with a +0 falchion.
You die...

#. #. ######### ..
###.....#.# #
#.##.....gg))#
#.#.#......g@###
#......#............
#.....##...########.
.....g#.#..### .....
#....# .#..###...##
#....(...#
#..##g..## .. #..g)#


You could see Robin, a hobgoblin (strong) and a goblin (strong).

Vanquished Creatures
  2 hobgoblins (D:2)
  7 goblins (D:2)
  A kobold (D:2)
  A rat (D:2)
11 creatures vanquished.

Notes
Turn   | Place    | Note
-------+----------+-------------------------------------------
     0 | D:1      | enile the Gnoll Wanderer began the quest for the Orb.
     0 | D:1      | enile set off with the following items: a +3 dagger, a
                  | potion of invisibility, a +0 hand crossbow, 26 bolts, a +0
                  | leather armour
     0 | D:1      | Reached XP level 1. HP: 23/23 MP: 1/1
     1 | D:1      | You fall into a shaft and drop 1 floor!
     3 | D:2      | Noticed Robin
    10 | D:2      | HP: 1/23 [goblin[Robin] (5)]
    29 | D:2      | HP: 1/23 [goblin[Robin] (2)]
    38 | D:2      | Reached XP level 2. HP: 2/29 MP: 2/2
    42 | D:2      | HP: 1/29 [goblin[Robin] (1)]
   352 | D:2      | Slain by Robin

Illustrated notes

Levels and vault maps discovered:
D:1:      sevenhm_arrival_forest_fort_small_4, layout_basic
D:2:      layout_rooms, dk_noncrumbling_4, minmay_tetromino_i2, uniq_robin,
          uniq_sigmund

Action                   || total
-------------------------++-------
Melee: Dagger            ||    31
       Bite              ||     2
  Use: Potion            ||     1
 Stab: Invisible         ||     3
Armor: Leather armour    ||     5
Dodge: Dodged            ||    18

Table legend: (Time is in decaauts)
 A = Elapsed time spent in this place.
 B = Non-inter-level travel time spent in this place.
 C = Inter-level travel time spent in this place.
 D = Time resting spent in this place.
 E = Time spent auto-exploring this place.
 F = Levels seen in this place.
 G = Mean time per level.
                   A        B        C        D        E       F      G
               +--------+--------+--------+--------+--------+-----+--------+
         Total |    351 |    351 |      0 |    275 |      1 |   2 |  175.5 |
       Dungeon |    351 |    351 |      0 |    275 |      1 |   2 |  175.5 |
               +--------+--------+--------+--------+--------+-----+--------+

Top non-repeatable levels by time:
     D:2: 350 daAuts
     D:1: 1 daAuts
